 Dungeon Crawl Stone Soup version 0.29.0-4-gdea44cf6ec (webtiles) character file.

Game seed: 9897246246442870951

6197 qw the Cleaver (level 10, -10/66 HPs)
             Began as a Gargoyle Fighter on Sept 10, 2022.
             Was a Priest of Okawaru.
             Mangled by a frost giant
             ... wielding a +2 battleaxe of freezing
              (17 damage)
             ... on level 11 of the Dungeon.
             The game lasted 00:02:35 (9054 turns).

qw the Cleaver (Gargoyle Fighter)                   Turns: 9054, Time: 00:02:36

Health: -10/66     AC: 26    Str: 25    XL:     10   Next: 91%
Magic:  11/13      EV: 10    Int:  8    God:    Okawaru [***...]
Gold:   397        SH:  6    Dex:  9    Spells: 9/9 levels left

rFire   . . .      SeeInvis +   Y - +7 broad axe (venom)
rCold   + . .      Faith    .   c - +0 buckler
rNeg    + . .      Spirit   .   n - +2 chain mail {rC+}
rPois   inf        Reflect  .   l - +1 helmet
rElec   +          Harm     .   p - +0 cloak
rCorr   +          Rampage  .   (no gloves)
Will    .....                   g - +0 pair of boots
Stlth   ..........              (no amulet)
HPRegen 0.21/turn               k - ring of see invisible
MPRegen 0.13/turn               f - ring of resist corrosion

@: about to teleport, heroic
A: sickness immunity, AC +7, negative energy resistance 1, electricity
resistance, torment resistance 1, petrification resistance
a: Renounce Religion, Heroism


You were on level 11 of the Dungeon.
You worshipped Okawaru.
Okawaru was most pleased with you.
You visited 2 branches of the dungeon, and saw 10 of its levels.

You collected 397 gold pieces.


Innate Abilities, Weirdness & Mutations

You are immune to sickness and miasma.
Your stone body is resilient. (AC +7)
You are immune to poison.
You resist negative energy. (rN+)
You are resistant to electric shocks. (rElec)
You are resistant to unholy torment.
You are immune to petrification.


   Skills:
 - Level 9.0(14.0) Fighting
 - Level 11.0(16.0) Axes
 - Level 1.0(6.0) Throwing
 + Level 6.4(11.4) Armour
 - Level 2.2(7.2) Dodging
 - Level 5.1(10.1) Shields
 - Level 4.0 Invocations


You had 9 spell levels left.
You didn't know any spells.
Your spell library was empty.

Inventory:

Hand Weapons
 m - a +1 war axe of flaming
 Y - a +7 broad axe of venom (weapon)
Missiles
 o - 9 boomerangs (quivered)
Armour
 c - a +0 buckler (worn)
 g - a +0 pair of boots (worn)
 l - a +1 helmet (worn)
 n - a +2 chain mail of cold resistance (worn)
 p - a +0 cloak (worn)
 r - a +0 plate armour
Jewellery
 f - a ring of resist corrosion (right hand)
 k - a ring of see invisible (left hand)
 s - a ring of positive energy
 v - a +6 ring of strength
Scrolls
 h - 2 scrolls of identify
 q - a scroll of fear {unknown}
Potions
 a - a potion of resistance
 b - a potion of berserk rage {unknown}
 d - 4 potions of might
 e - a potion of magic
 i - 4 potions of lignification
 j - 6 potions of curing
 t - a potion of attraction
 w - 2 potions of haste {unknown}
 x - 2 potions of invisibility {unknown}

Dungeon Overview and Level Annotations

Branches:
Dungeon (8/15)             Temple (1/1) D:7
   Lair: D:8-11

Altars:
Ashenzari
Cheibriados
Dithmenos
Elyvilon
Fedhas
Gozag
Hepliaklqana
Makhleb
Nemelex Xobeh
Okawaru
Qazlal
Ru
Sif Muna
Trog
Uskayaw
Vehumet
Wu Jian
Xom
Yredelemnul
Zin


Message History

You slice the killer bee!!
You kill the killer bee!
Okawaru accepts your kill.
You slash the killer bee!
The killer bee looks as sick as possible!
You kill the killer bee!
Okawaru accepts your kill.
You hit the frost giant.
The frost giant is poisoned.
The frost giant is lightly wounded.
The frost giant gestures at you while chanting.
The bolt of cold hits you!! You resist.
You hear a shout!
You hear an angry buzzing noise.
You hit the frost giant.
The frost giant looks as sick as possible!
The frost giant is lightly wounded.
You block the frost giant's attack.
The killer bee stings you but does no damage.
You slice the frost giant!!
The frost giant looks as sick as possible!
The frost giant is moderately wounded.
You barely miss the killer bee. The killer bee barely misses you.
The frost giant hits you with a +2 battleaxe of freezing!
The frost giant freezes you.
The killer bee stings you but does no damage.
The frost giant points at you and mumbles some strange words.
The bolt of cold hits you! You resist. You block the killer bee's attack.
9053 ||| READING scroll of teleportation.
As you read the scroll of teleportation, it crumbles to dust.
You feel strangely unstable. The killer bee stings you. x2
The frost giant gestures at you while chanting.
The bolt of cold hits you. You resist.
You hear an angry buzzing noise.
9054 ||| INVOKING Heroism.
You gain the combat prowess of a mighty hero.
The killer bee stings you but does no damage.
The killer bee closely misses you.
The frost giant hits you with a +2 battleaxe of freezing!
You die...

##.. . )#
## #. #C .#
yy .# y .#.
###.#
##..C######
#...y@....#
#.#.#.#.#.#
#.#.#.#.##
#.......#
##.....##
#.#.#.#
##.#.##
#...# ##.##


You could see a frost giant (extremely poisoned) and a killer bee.

Vanquished Creatures
  Lodul (D:11)
  A troll (D:11)
  2 shadows (D:11)
  A wyvern (D:6)
  12 yaks
  2 humans (D:7)
  Duvessa (D:5)
  2 water moccasins
  An orc warrior (D:7)
  10 ogres
  3 centaurs
  A kobold brigand (D:8)
  A phantom (D:7)
  A gnoll sergeant (D:7)
  A bullfrog (D:11)
  A necrophage (D:5)
  5 scorpions
  Dowan (D:5)
  3 wights (D:7)
  2 killer bees (D:11)
  A hound (D:5)
  6 orc priests
  3 jellies
  5 orc wizards
  Robin (D:2)
  3 gnolls (D:7)
  6 adders
  A shadow imp (D:7)
  A white imp (D:6)
  2 ufetubi
  4 worms (D:2)
  2 dart slugs
  20 orcs
  8 ball pythons
  5 bats
  4 endoplasms
  6 giant cockroaches
  17 goblins
  14 hobgoblins
  6 jackals (D:3)
  8 kobolds
  4 quokkas
  6 frilled lizards
  4 rats
189 creatures vanquished.

Vanquished Creatures (others)
  19 fungi (D:11)
  19 plants
38 creatures vanquished.

Grand Total: 227 creatures vanquished

Notes
Turn   | Place    | Note
-------+----------+-------------------------------------------
     0 | D:1      | qw the Gargoyle Fighter began the quest for the Orb.
     0 | D:1      | Reached XP level 1. HP: 14/14 MP: 1/1
     0 | D:1      | 0 ||| qw: Version: 0.1-a-116-g5d60599
     0 | D:1      | 0 ||| qw: Game counter: 7608
     0 | D:1      | 0 ||| qw: Always use a shield: true
     0 | D:1      | 0 ||| qw: God list: Okawaru
     0 | D:1      | 0 ||| qw: Allow faded altars: false
     0 | D:1      | 0 ||| qw: Do Orc after D:15 true
     0 | D:1      | 0 ||| qw: Do second Lair branch before Depths: true
     0 | D:1      | 0 ||| qw: Lair rune preference: random
     0 | D:1      | 0 ||| qw: Plans: Normal, Zot, God:TSO, Crypt, Tomb, Zig,
                  | Orb
     0 | D:1      | 0 ||| PLANNING D:1-11
    74 | D:1      | Reached skill level 2 in Axes
   192 | D:1      | 192 ||| Stepping ~*~*~tactically~*~*~ (stealth).
   198 | D:1      | 198 ||| Stepping ~*~*~tactically~*~*~ (hiding).
   199 | D:1      | 199 ||| Stepping ~*~*~tactically~*~*~ (hiding).
   210 | D:1      | Reached XP level 2. HP: 19/19 MP: 2/2
   339 | D:1      | 339 ||| Stepping ~*~*~tactically~*~*~ (stealth).
   395 | D:1      | Reached skill level 3 in Axes
   499 | D:1      | 499 ||| Stepping ~*~*~tactically~*~*~ (stealth).
   500 | D:1      | 500 ||| Stepping ~*~*~tactically~*~*~ (stealth).
   503 | D:1      | Reached XP level 3. HP: 23/23 MP: 3/3
   652 | D:1      | Found a faded altar of an unknown god.
   705 | D:1      | Reached skill level 1 in Throwing
  1026 | D:1      | 1026 ||| UPGRADING to +0 helmet.
  1031 | D:1      | 1031 ||| UPGRADING to +0 pair of boots.
  1036 | D:1      | 1036 ||| UPGRADING to amulet of guardian spirit.
  1041 | D:1      | 1041 ||| READING scroll labelled ORHEEPS FARYU.
  1042 | D:1      | 1042 ||| READING 3 scrolls labelled HAUQ PIHU FAQ.
  1043 | D:1      | 1043 ||| DRINKING 2 grey potions.
  1101 | D:1      | 1101 ||| DRINKING 3 smoky coppery potions.
  1102 | D:1      | 1102 ||| DROPPING 2 scrolls of summoning.
  1135 | D:2      | 1135 ||| STAIRDANCE
  1169 | D:2      | 1169 ||| Stepping ~*~*~tactically~*~*~ (stealth).
  1172 | D:2      | 1172 ||| Stepping ~*~*~tactically~*~*~ (stealth).
  1239 | D:2      | Reached XP level 4. HP: 25/28 MP: 4/4
  1240 | D:2      | 1240 ||| FLEEEEING.
  1241 | D:2      | 1241 ||| FLEEEEING.
  1242 | D:2      | 1242 ||| FLEEEEING.
  1243 | D:2      | 1243 ||| STAIRDANCE
  1271 | D:1      | 1271 ||| READING scroll labelled IKEYMA QIFU.
  1274 | D:2      | 1274 ||| STAIRDANCE
  1316 | D:2      | 1316 ||| Stepping ~*~*~tactically~*~*~ (stealth).
  1318 | D:2      | 1318 ||| Stepping ~*~*~tactically~*~*~ (stealth).
  1331 | D:2      | Noticed Robin
  1343 | D:2      | Reached skill level 4 in Axes
  1352 | D:2      | HP: 5/28 [Robin/+0 mace (3)]
  1355 | D:2      | Killed Robin
  1386 | D:2      | 1386 ||| Stepping ~*~*~tactically~*~*~ (stealth).
  1387 | D:2      | 1387 ||| FLEEEEING.
  1389 | D:2      | 1389 ||| FLEEEEING.
  1390 | D:2      | 1390 ||| FLEEEEING.
  1391 | D:2      | 1391 ||| FLEEEEING.
  1392 | D:2      | 1392 ||| FLEEEEING.
  1393 | D:2      | 1393 ||| FLEEEEING.
  1394 | D:2      | 1394 ||| FLEEEEING.
  1395 | D:2      | 1395 ||| FLEEEEING.
  1396 | D:2      | 1396 ||| FLEEEEING.
  1398 | D:2      | 1398 ||| FLEEEEING.
  1399 | D:2      | 1399 ||| FLEEEEING.
  1400 | D:2      | 1400 ||| FLEEEEING.
  1402 | D:2      | 1402 ||| FLEEEEING.
  1403 | D:2      | 1403 ||| STAIRDANCE
  1746 | D:2      | Reached XP level 5. HP: 32/32 MP: 5/5
  1768 | D:2      | Identified the +11 sling of the Mashing Pariah {speed,
                  | rCorr}
  1932 | D:2      | 1932 ||| UPGRADING to +1 helmet.
  1942 | D:2      | 1942 ||| DROPPING +0 helmet.
  1943 | D:2      | 1943 ||| UPGRADING to ring of resist corrosion.
  1944 | D:2      | 1944 ||| READING scroll labelled NYXANAEMISIMM.
  1949 | D:2      | 1949 ||| READING scroll labelled POEXYCIETT.
  1997 | D:3      | 1997 ||| Stepping ~*~*~tactically~*~*~ (stealth).
  1999 | D:3      | 1999 ||| Stepping ~*~*~tactically~*~*~ (hiding).
  2134 | D:3      | 2134 ||| Stepping ~*~*~tactically~*~*~ (stealth).
  2144 | D:3      | 2144 ||| SWAPPING to +1 war axe of flaming.
  2145 | D:3      | 2145 ||| Stepping ~*~*~tactically~*~*~ (stealth).
  2147 | D:3      | 2147 ||| DROPPING +0 whip.
  2148 | D:3      | 2148 ||| DROPPING +0 war axe.
  2165 | D:3      | 2165 ||| Stepping ~*~*~tactically~*~*~ (stealth).
  2318 | D:3      | 2318 ||| Stepping ~*~*~tactically~*~*~ (stealth).
  2330 | D:3      | 2330 ||| Stepping ~*~*~tactically~*~*~ (hiding).
  2333 | D:3      | 2333 ||| Stepping ~*~*~tactically~*~*~ (hiding).
  2335 | D:3      | 2335 ||| DRINKING 2 potions of curing.
  2335 | D:3      | 2335 ||| (to cure confusion)
  2340 | D:3      | Reached skill level 5 in Axes
  2343 | D:3      | 2343 ||| DRINKING potion of curing.
  2343 | D:3      | 2343 ||| (to cure confusion)
  2544 | D:3      | Reached XP level 6. HP: 38/38 MP: 6/6
  2996 | D:3      | 2996 ||| READING 5 scrolls of identify.
  2996 | D:3      | 2996 ||| IDENTIFYING murky silvery potion
  2997 | D:3      | 2997 ||| READING 4 scrolls of identify.
  2997 | D:3      | 2997 ||| IDENTIFYING glowing ruby potion
  2998 | D:3      | 2998 ||| READING 3 scrolls of identify.
  2998 | D:3      | 2998 ||| IDENTIFYING amethyst potion
  2999 | D:3      | 2999 ||| READING 2 scrolls of identify.
  2999 | D:3      | 2999 ||| IDENTIFYING dark potion
  3000 | D:3      | 3000 ||| DROPPING potion of flight.
  3001 | D:3      | 3001 ||| DROPPING potion of magic.
  3002 | D:3      | 3002 ||| DROPPING potion of brilliance.
  3003 | D:3      | 3003 ||| DROPPING potion of degeneration.
  3187 | D:4      | Reached skill level 1 in Dodging
  3841 | D:4      | 3841 ||| READING scroll labelled ZACEUMA QULA.
  3842 | D:4      | 3842 ||| READING scroll labelled HOYCIU YG KEM.
  3842 | D:4      | Identified a scroll of acquirement
  3842 | D:4      | 3842 ||| ACQUIRING +5 broad axe of venom
  3842 | D:4      | Acquired a +5 broad axe of venom
  3844 | D:4      | 3844 ||| SWAPPING to +5 broad axe of venom.
  3845 | D:4      | 3845 ||| READING scroll labelled YKIUCINU VUARGH.
  3846 | D:4      | 3846 ||| READING scroll labelled YLIOXU KACUO.
  3947 | D:4      | 3947 ||| READING 2 scrolls of identify.
  3947 | D:4      | 3947 ||| IDENTIFYING white potion
  3981 | D:5      | Entered Level 5 of the Dungeon
  4035 | D:5      | Noticed a water moccasin
  4037 | D:5      | 4037 ||| Stepping ~*~*~tactically~*~*~ (stealth).
  4046 | D:5      | Killed a water moccasin
  4047 | D:5      | Reached XP level 7. HP: 37/43 MP: 4/7
  4049 | D:5      | Reached skill level 6 in Axes
  4350 | D:5      | Reached skill level 7 in Axes
  4466 | D:5      | Found a white marble altar of Elyvilon.
  4466 | D:5      | Noticed Duvessa
  4466 | D:5      | Noticed Dowan
  4467 | D:5      | 4467 ||| Stepping ~*~*~tactically~*~*~ (hiding).
  4470 | D:5      | 4470 ||| Stepping ~*~*~tactically~*~*~ (hiding).
  4476 | D:5      | Killed Duvessa
  4482 | D:5      | HP: 11/44 [Dowan/+1 dagger of freezing (1)]
  4484 | D:5      | 4484 ||| READING 4 scrolls of teleportation.
  4484 | D:5      | Killed Dowan
  4485 | D:5      | Reached XP level 8. HP: 10/49 MP: 4/8
  4879 | D:5      | Found a burning altar of Makhleb.
  4929 | D:5      | Found a sparkling altar of Nemelex Xobeh.
  4988 | D:5      | 4988 ||| UPGRADING to ring of positive energy.
  4989 | D:5      | 4989 ||| UPGRADING to ring of see invisible.
  4991 | D:5      | 4991 ||| DROPPING ring of wizardry.
  4992 | D:5      | 4992 ||| UPGRADING to ring of resist corrosion.
  5096 | D:6      | Found an opulent altar of Gozag.
  5129 | D:6      | HP: 12/49 [centaur/arrow (4)]
  5130 | D:6      | 5130 ||| READING 3 scrolls of teleportation.
  5131 | D:6      | 5131 ||| DRINKING potion of heal wounds.
  5392 | D:6      | Noticed a wyvern
  5398 | D:6      | Killed a wyvern
  6341 | D:6      | 6341 ||| UPGRADING to +0 cloak.
  6346 | D:6      | 6346 ||| UPGRADING to +0 chain mail.
  6356 | D:6      | 6356 ||| DROPPING +0 scale mail.
  6357 | D:6      | 6357 ||| READING scroll labelled JOIPTA JIUSH.
  6358 | D:6      | 6358 ||| READING scroll labelled SEPLA FURUROST.
  6359 | D:6      | 6359 ||| READING 4 scrolls of identify.
  6359 | D:6      | 6359 ||| IDENTIFYING brown potion
  6360 | D:6      | 6360 ||| READING 3 scrolls of identify.
  6360 | D:6      | 6360 ||| IDENTIFYING viscous blue potion
  6361 | D:6      | 6361 ||| READING 2 scrolls of identify.
  6361 | D:6      | 6361 ||| IDENTIFYING fuming green potion
  6362 | D:6      | 6362 ||| DROPPING potion of ambrosia.
  6408 | D:7      | 6408 ||| Stepping ~*~*~tactically~*~*~ (hiding).
  6409 | D:7      | 6409 ||| Stepping ~*~*~tactically~*~*~ (hiding).
  6410 | D:7      | 6410 ||| Stepping ~*~*~tactically~*~*~ (hiding).
  6419 | D:7      | Reached skill level 8 in Axes
  6421 | D:7      | HP: 11/49 [wight/+0 dire flail (4)]
  6422 | D:7      | 6422 ||| READING 2 scrolls of teleportation.
  6425 | D:7      | 6425 ||| FLEEEEING.
  6426 | D:7      | 6426 ||| FLEEEEING.
  6427 | D:7      | 6427 ||| FLEEEEING.
  6428 | D:7      | 6428 ||| FLEEEEING.
  6429 | D:7      | 6429 ||| FLEEEEING.
  6430 | D:7      | 6430 ||| STAIRDANCE
  6673 | D:7      | 6673 ||| STAIRDANCE
  6684 | D:7      | Reached skill level 6 in Fighting
  6806 | D:7      | 6806 ||| Stepping ~*~*~tactically~*~*~ (hiding).
  6808 | D:7      | 6808 ||| Stepping ~*~*~tactically~*~*~ (hiding).
  6810 | D:7      | 6810 ||| Stepping ~*~*~tactically~*~*~ (hiding).
  6811 | D:7      | 6811 ||| Stepping ~*~*~tactically~*~*~ (hiding).
  6812 | D:7      | 6812 ||| Stepping ~*~*~tactically~*~*~ (hiding).
  6912 | D:7      | Reached XP level 9. HP: 37/56 MP: 5/9
  6914 | D:7      | HP: 5/56 [orc priest/divine providence (11)]
  6915 | D:7      | 6915 ||| READING scroll of teleportation.
  6917 | D:7      | Reached skill level 9 in Axes
  6919 | D:7      | 6919 ||| Stepping ~*~*~tactically~*~*~ (stealth).
  6919 | D:7      | Found a staircase to the Ecumenical Temple.
  6920 | D:7      | 6920 ||| PLANNING TEMPLE
  6927 | D:7      | 6927 ||| Stepping ~*~*~tactically~*~*~ (stealth).
  6931 | D:7      | 6931 ||| Stepping ~*~*~tactically~*~*~ (stealth).
  7195 | D:7      | 7195 ||| UPGRADING to +2 chain mail of cold resistance.
  7299 | D:7      | 7299 ||| DROPPING +0 chain mail.
  7302 | Temple   | Entered the Ecumenical Temple
  7506 | Temple   | 7506 ||| PLANNING D:1-11
  7539 | D:7      | 7539 ||| READING scroll of enchant weapon.
  7539 | D:7      | 7539 ||| ENCHANTING +6 broad axe of venom.
  7741 | D:7      | Found an iron altar of Okawaru.
  7894 | D:7      | Found a snail-covered altar of Cheibriados.
  7926 | D:7      | 7926 ||| READING scroll labelled XIADGH SUVYA.
  7927 | D:7      | 7927 ||| READING scroll labelled KECISO HIWUECH.
  7947 | D:7      | Became a worshipper of Warmaster Okawaru
  7948 | D:7      | 7948 ||| REMOVING amulet of guardian spirit.
  7953 | D:7      | 7953 ||| DROPPING amulet of guardian spirit.
  7989 | D:8      | 7989 ||| Stepping ~*~*~tactically~*~*~ (stealth).
  8089 | D:8      | 8089 ||| Stepping ~*~*~tactically~*~*~ (stealth).
  8091 | D:8      | 8091 ||| Stepping ~*~*~tactically~*~*~ (stealth).
  8092 | D:8      | 8092 ||| Stepping ~*~*~tactically~*~*~ (stealth).
  8201 | D:8      | 8201 ||| Stepping ~*~*~tactically~*~*~ (stealth).
  8209 | D:8      | Reached * piety under Okawaru
  8210 | D:8      | Reached skill level 10 in Axes
  8213 | D:8      | 8213 ||| INVOKING Heroism.
  8218 | D:8      | Reached skill level 1 in Invocations
  8414 | D:8      | 8414 ||| INVOKING Heroism.
  8572 | D:8      | 8572 ||| Stepping ~*~*~tactically~*~*~ (hiding).
  8573 | D:8      | 8573 ||| INVOKING Heroism.
  8659 | D:8      | You fall into a shaft and drop 3 floors!
  8684 | D:11     | 8684 ||| Stepping ~*~*~tactically~*~*~ (stealth).
  8687 | D:11     | 8687 ||| Stepping ~*~*~tactically~*~*~ (stealth).
  8689 | D:11     | 8689 ||| Stepping ~*~*~tactically~*~*~ (stealth).
  8698 | D:11     | Reached skill level 6 in Armour
  8698 | D:11     | Reached skill level 3 in Invocations
  8698 | D:11     | Reached XP level 10. HP: 58/63 MP: 10/12
  8701 | D:11     | 8701 ||| INVOKING Heroism.
  8713 | D:11     | Reached ** piety under Okawaru
  8748 | D:11     | 8748 ||| INVOKING Heroism.
  8752 | D:11     | Noticed Lodul
  8753 | D:11     | 8753 ||| Stepping ~*~*~tactically~*~*~ (stealth).
  8754 | D:11     | 8754 ||| Stepping ~*~*~tactically~*~*~ (stealth).
  8756 | D:11     | 8756 ||| Stepping ~*~*~tactically~*~*~ (hiding).
  8760 | D:11     | Killed Lodul
  8760 | D:11     | Reached *** piety under Okawaru
  8761 | D:11     | Reached skill level 11 in Axes
  8766 | D:11     | 8766 ||| INVOKING Heroism.
  8772 | D:11     | HP: 13/65 [ogre/+0 giant club[Lodul] (22)]
  8773 | D:11     | 8773 ||| READING 3 scrolls of teleportation.
  8777 | D:11     | Noticed an eight-headed hydra
  8778 | D:11     | Reached skill level 9 in Fighting
  8778 | D:11     | 8778 ||| READING 2 scrolls of teleportation.
  8779 | D:11     | 8779 ||| SWAPPING to +1 war axe of flaming.
  8779 | D:11     | HP: 13/66 [eight-headed hydra (2)]
  8783 | D:11     | 8783 ||| SWAPPING to +7 broad axe of venom.
  9042 | D:11     | Noticed a frost giant
  9043 | D:11     | 9043 ||| Stepping ~*~*~tactically~*~*~ (hiding).
  9052 | D:11     | HP: 15/66 [frost giant/bolt of cold (16)]
  9053 | D:11     | 9053 ||| READING scroll of teleportation.
  9053 | D:11     | HP: 7/66 [frost giant/bolt of cold (5)]
  9054 | D:11     | 9054 ||| INVOKING Heroism.
  9054 | D:11     | Mangled by a frost giant

Levels and vault maps discovered:
D:1:      eino_arrival_druids_welcome, layout_basic,
          dilly_ecumenical_altar_fadedgnrine, minmay_pentomino_s2
D:2:      layout_rooms, uniq_robin
D:3:      layout_basic
D:4:      layout_basic
D:5:      layout_loops_cross, mainiacjoe_overflow_alcove_4, old_standard_altar,
          lemuel_crystal_altar, uniq_duvessa
D:6:      layout_layer_cave, mainiacjoe_overflow_concentric_impassable
D:7:      layout_cave_pools, lemuel_coloured_pillars_altar, okawaru_humans,
          temple_statues
D:8:      layout_basic, nicolae_kikubaaqudgha_miasma_corner
D:11:     minmay_the_grid_four_pointed_star [minmay_the_grid_triangle_9x9_steps,
          minmay_the_grid_triangle_9x9_limited_checkers,
          minmay_the_grid_triangle_9x9_zippers_horizontal,
          minmay_the_grid_triangle_9x9_warning,
          minmay_the_grid_prize_diamond_cup], layout_basic,
          grunt_lair_entry_orc_guard_hut, uniq_lodul, uniq_urug
Temple:   eino_temple_water

Skill      XL: |  1  2  3  4  5  6  7  8  9 10 |
---------------+-------------------------------+-----
Axes           | 2 3 4 5 7 8 10 11 | 11.0
Throwing       | 1 |  1.0
Fighting       | 4 5 6 7 9 |  9.0
Dodging        | 1 2 |  2.2
Armour         | 4 6 |  6.4
Shields        | 4 5 |  5.1
Invocations    | 3 4 |  4.0

Action                   |  1- 3 |  4- 6 |  7- 9 | 10-12 || total
-------------------------+-------+-------+-------+-------++-------
Melee: War axe           |    84 |   104 |       |     3 ||   191
       Broad axe         |       |    11 |   163 |    50 ||   224
Throw: Javelin           |    35 |    39 |       |       ||    74
       Boomerang         |       |     3 |    32 |       ||    35
Invok: Heroism           |       |       |     3 |     4 ||     7
  Use: Scroll            |     2 |    12 |    12 |     3 ||    29
       Potion            |     2 |     2 |     1 |       ||     5
Armor: Scale mail        |    47 |    65 |    28 |       ||   140
       Chain mail        |       |       |    63 |    24 ||    87
       Skin              |       |       |     3 |       ||     3
Dodge: Dodged            |    47 |    59 |    75 |    34 ||   215
Block: Buckler           |    10 |    19 |    32 |    18 ||    79

Table legend:
 A = Non-vault XP
 B = Vault XP
 C = Vault XP percentage of total XP
 D = Non-vault monster count
 E = Vault monster count
 F = Vault count percentage of total count
                 A         B        C        D         E       F
            +---------+---------+-------+---------+---------+-------
      Total |    6098 |    2756 |  31.1 |     159 |      30 |  15.9
            +---------+---------+-------+---------+---------+-------
        D:1 |      54 |       4 |   6.9 |      28 |       2 |   6.7
        D:2 |      97 |      34 |  26.0 |      23 |      11 |  32.4
        D:3 |     141 |       0 |   0.0 |      27 |       0 |   0.0
        D:4 |     107 |       0 |   0.0 |      10 |       0 |   0.0
        D:5 |     560 |     222 |  28.4 |       8 |       2 |  20.0
        D:6 |     473 |       0 |   0.0 |      10 |       0 |   0.0
        D:7 |    1222 |     392 |  24.3 |      26 |       2 |   7.1
        D:8 |    1331 |       0 |   0.0 |      16 |       0 |   0.0
       D:11 |    2113 |    2104 |  49.9 |      11 |      13 |  54.2
            +---------+---------+-------+---------+---------+-------
